 Dungeon Crawl Stone Soup version 0.22-a0-322-g60b3cfd (webtiles) character file.

232 Kairos the Skirmisher (level 6, 48/48 HPs)
             Began as a Human Fighter on Apr 3, 2018.
             Got out of the dungeon alive.
             The game lasted 00:04:20 (2043 turns).

Kairos the Skirmisher (Human Fighter)               Turns: 2043, Time: 00:04:21

Health: 48/48      AC:  6    Str: 16    XL:     6   Next: 25%
Magic:  6/6        EV:  8    Int:  8    God:
Gold:   233        SH: 10    Dex: 15    Spells: 5/5 levels left

rFire    . . .     SeeInvis .   a - +0 war axe
rCold    . . .     Gourm    .   c - +1 shield
rNeg     . . .     Faith    .   b - +0 scale mail
rPois    .         Spirit   .   (no helmet)
rElec    .         Reflect  .   e - scarf {repulsion}
rCorr    .         Harm     .   (no gloves)
MR       .....                  (no boots)
Stlth    ..........             s - amulet of inaccuracy (curse)
HPRegen  0.16/turn              (no ring)
MPRegen  0.10/turn              (no ring)

@: repel missiles
A: no striking features
a: no special abilities


You escaped.
You were not hungry.

You visited 1 branch of the dungeon, and saw 3 of its levels.

You collected 233 gold pieces.

Inventory:

Hand Weapons
 a - a +0 war axe (weapon)
Armour
 b - a +0 scale mail (worn)
 c - a +1 shield (worn)
 e - a scarf of repulsion (worn)
Jewellery
 s - a cursed amulet of inaccuracy (around neck)
Wands
 r - a wand of acid (11)
Scrolls
 h - a scroll of noise {unknown}
 j - a scroll of enchant weapon {unknown}
 m - a scroll of fog {unknown}
 n - 2 scrolls of remove curse {unknown}
 p - a scroll of identify
 q - a scroll of fear {unknown}
Potions
 d - 2 potions of might
 g - 2 potions of heal wounds
 i - 2 potions of brilliance {unknown}
 k - a potion of curing
 l - 2 potions of agility {unknown}
 o - 2 potions of haste {unknown}
Comestibles
 f - 4 rations


   Skills:
 + Level 4.0 Fighting
 + Level 4.0 Axes
 + Level 3.4 Armour
 + Level 1.6 Dodging
 + Level 3.8 Shields


You had 5 spell levels left.
You didn't know any spells.

Dungeon Overview and Level Annotations

Branches:
Dungeon (3/15)

Altars:


Message History

You slash the frilled lizard!
You kill the frilled lizard!
No target in view!
No target in view!
You pick up a book of Minor Magic and begin reading...
You add the spells Magic Dart, Blink, Call Imp, Slow, Conjure Flame and Mephitic Cloud to your library.
s - a thin blue amulet Oops, that amulet feels deathly cold.
s - a cursed amulet of inaccuracy (around neck)
Okay, then.
There is a stone staircase leading up here.
You climb upwards.
There is a stone staircase leading down here.
There is a stone staircase leading up here.
You climb upwards.
There is a stone staircase leading down here.
You see here a hunting sling.
There is a staircase leading out of the dungeon here.
Are you sure you want to leave the Dungeon?
This will make you lose the game!
You have escaped!

#.....# #.# #.##...>..).......#
#.....## #.###.##.#####..##....#
...##..####.....#### ###........#
........#...#####.####[##.......#
.####.#...#.# #'#.##...###.....#
.####.....#.####.##'.....###.>..#
###....##.)..##...###...## #....#
#....######.##.....###)## ###..#
#.#.............@...#### ##.#
..#.......#.##.....###.## #..
###.#####...)##...###...## ###
#.# ###...##.##'..(..# #
###.#######....#'#.##...##
...............##.####.##########
##..######..#...########...(.....
.......###..#.....#...###########
.......(..............###


There were no monsters in sight!

Vanquished Creatures
  A worker ant (D:3)
  Terence (D:3)
  Robin (D:3)
  4 gnolls (D:2)
  3 adders (D:2)
  3 worms (D:2)
  2 dart slugs
  2 leopard geckos (D:3)
  2 orcs (D:3)
  5 giant cockroaches
  16 goblins
  15 hobgoblins
  3 jackals (D:1)
  9 kobolds
  A quokka (D:3)
  2 ball pythons (D:2)
  6 bats
  6 frilled lizards
  8 rats
90 creatures vanquished.

Notes
Turn   | Place    | Note
-------+----------+-------------------------------------------
     0 | D:1      | Kairos the Human Fighter began the quest for the Orb.
     0 | D:1      | Reached XP level 1. HP: 18/18 MP: 1/1
    30 | D:1      | Reached XP level 2. HP: 19/24 MP: 2/2
   222 | D:1      | Reached XP level 3. HP: 28/29 MP: 3/3
   556 | D:2      | Reached XP level 4. HP: 23/35 MP: 4/4
   594 | D:2      | HP: 1/35 [worm (5)]
   902 | D:2      | Reached XP level 5. HP: 32/42 MP: 5/5
  1194 | D:2      | Found a faded altar of an unknown god.
  1682 | D:3      | Noticed Robin
  1698 | D:3      | Killed Robin
  1701 | D:3      | Reached XP level 6. HP: 37/48 MP: 6/6
  1717 | D:3      | Noticed Terence
  1726 | D:3      | Killed Terence
  1726 | D:3      | Reached skill level 1 in Dodging
  2043 | D:$      | Got out of the dungeon alive.

Vault maps used:
D:1:      dpeg_arrival_rhombi
D:2:      chequers_ecumenical_altar_simple
D:3:      st_stairs_4, uniq_terence, uniq_robin

Skill      XL: |  1  2  3  4  5  6 |
---------------+-------------------+-----
Axes           | 3 4 |  4.0
Fighting       | 4 |  4.0
Dodging        | 1 |  1.6
Armour         | |  3.4
Shields        | |  3.8

Action                   |  1- 3 |  4- 6 || total
-------------------------+-------+-------++-------
Melee: War axe           |    83 |   179 ||   262
  Use: Scroll            |       |     4 ||     4
  Eat: Chunk             |       |     4 ||     4
Armor: Scale mail        |    44 |    70 ||   114
Dodge: Dodged            |    29 |    53 ||    82
       Deflected         |       |     1 ||     1
Block: Shield            |    58 |    92 ||   150

Table legend:
 A = Spawn XP
 B = Non-spawn XP
 C = Spawn XP percentage of total XP
 D = Spawn monster count
 E = Non-spawn monster count
 F = Spawn count percentage of total count
 G = Total turns spent on level
                    A         B        C        D         E        F      G
               +---------+---------+-------+---------+---------+-------+---------
         Total |       0 |     332 |   0.0 |       0 |      90 |   0.0 |  2043
               +---------+---------+-------+---------+---------+-------+---------
           D:1 |       0 |      41 |   0.0 |       0 |      23 |   0.0 |   528
           D:2 |       0 |     141 |   0.0 |       0 |      29 |   0.0 |   783
           D:3 |       0 |     150 |   0.0 |       0 |      38 |   0.0 |   732
               +---------+---------+-------+---------+---------+-------+---------
